 Dungeon Crawl Stone Soup version 0.14-a0-181-gf6fe0c6 (webtiles) character file.

112 Malachi the Charmwright (level 3, 0/26 HPs)
             Began as a Mummy Skald on Oct 6, 2013.
             Slain by Ijyb
             ... wielding a +0,+0 club
              (1 damage)
             ... on Level 2 of the Dungeon.
             The game lasted 00:02:04 (1464 turns).

Malachi the Charmwright (Mummy Skald)               Turns: 1464, Time: 00:02:05

HP   0/26        AC  2     Str 15      XL: 3   Next:  5%
MP   1/6         EV 12     Int 12      God:
Gold 82          SH  0     Dex 11      Spells:  1 memorised,  5 levels left

Res.Fire  : x . .   See Invis. : .   g - +4,+2 elf dagger
Res.Cold  : + . .   Warding    : .   e - +0 orc robe (curse)
Life Prot.: + + +   Conserve   : .   (no shield)
Res.Poison: +       Res.Corr.  : .   (no helmet)
Res.Elec. : .       Clarity    : .   (no cloak)
Sust.Abil.: . .     Spirit.Shd : .   (no gloves)
Res.Mut.  : .       Stasis     : .   (no boots)
Res.Rott. : +       Flight     : .   (no amulet)
Saprovore : . . .                    (no ring)
                                     (no ring)

@: slightly resistant to hostile enchantments, unstealthy
A: no food or potions, fire vulnerability, restore body, cold resistance 1, life
protection 3, poison resistance, torment resistance, unbreathing
a: no special abilities


You were on level 2 of the Dungeon.
You were not hungry.

You visited 1 branch of the dungeon, and saw 2 of its levels.

You collected 62 gold pieces.

Inventory:

Hand weapons
 a - a +0,+0 mace
 g - a +4,+2 elven dagger (weapon)
Armour
 b - a +0 leather armour
 e - a cursed +0 orcish robe (worn)
Scrolls
 d - a scroll of amnesia {unknown}
 f - 3 scrolls of identify {unknown}
 h - 4 scrolls of remove curse {unknown}
 i - a scroll of magic mapping {unknown}
 j - a scroll of teleportation {unknown}
 k - a scroll of enchant weapon I {unknown}
 l - a scroll of fear {unknown}
Books
 c - a book of Battle

   Spells                             Type                      Level
   *Infusion                          Charms                       1
   Shroud of Golubria                 Charms/Translocation         2
   Song of Slaying                    Charms                       2
   Spectral Weapon                    Hexes/Charms                 3
   Regeneration                       Charms/Necromancy            3
   Song of Shielding                  Charms                       4


   Skills:
 + Level 2.0 Fighting
 - Level 1.8 Maces & Flails
 - Level 0.8 Armour
 + Level 1.2 Dodging
 - Level 0.1 Stealth
 - Level 2.0 Spellcasting
 * Level 3.0 Charms


You had 5 spell levels left.
You knew the following spells:

 Your Spells              Type           Power        Failure   Level  Hunger
a - Infusion              Chrm           #.....       10%         1    N/A

Dungeon Overview and Level Annotations

Branches:
Dungeon (2/27)

Altars:

Annotations:
D:2 Ijyb


Innate Abilities, Weirdness & Mutations

You do not eat or drink.
Your flesh is vulnerable to fire.
Your flesh is cold resistant.
You are immune to negative energy.
Your system is resistant to poisons.
You are immune to unholy pain and torment.
You can survive without breathing.


Message History

You hit Ijyb.
Ijyb is moderately wounded.
Ijyb screams, "Level is mine!
All mine!"
Ijyb barely misses you.
You barely miss Ijyb.
Ijyb is moderately wounded.
You barely miss Ijyb.
Ijyb is moderately wounded.
Ijyb closely misses you.
You hit Ijyb.
Ijyb is heavily wounded.
Ijyb hits you but does no damage.
You hit Ijyb but do no damage.
Ijyb is heavily wounded.
You are feeling less magically infused.
Ijyb hits you but does no damage.
You hit Ijyb.
Ijyb is heavily wounded.
Ijyb hits you with a club.
You die...

.# .# .## ... ..# #... #.#
.... #.# #.##### #.#
..###.....# . #.#
..........##..... #)#
#######...@g....... #.#
#...#.#...#########.
#.#####...#.....#.........
#...........#.#.#.#######.
....)........!............
######........#.#########
#.....####.# ######.....#
#.# .....#...%.# #.#


You could see Ijyb.

Vanquished Creatures
  An adder (D:2)
  2 hobgoblins (D:1)
  2 ball pythons (D:2)
  5 bats
  A giant cockroach (D:2)
  A giant newt (D:2)
  5 goblins
  2 kobolds
  5 rats (D:1)
24 creatures vanquished.

Notes
Turn   | Place    | Note
--------------------------------------------------------------
     0 | D:1      | Malachi, the Mummy Skald, began the quest for the Orb.
     0 | D:1      | Reached XP level 1. HP: 15/15 MP: 3/3
   527 | D:1      | Reached XP level 2. HP: 21/21 MP: 5/5
  1026 | D:2      | Reached skill level 1 in Dodging
  1143 | D:2      | Reached skill level 3 in Charms
  1143 | D:2      | Reached XP level 3. HP: 4/26 MP: 0/6
  1439 | D:2      | Noticed Ijyb
  1456 | D:2      | HP: 1/26 [Ijyb/club (4)]
  1464 | D:2      | Slain by Ijyb

Action                   || total
-------------------------++-------
Melee: Mace              ||    20
       Dagger            ||    83
 Cast: Infusion          ||     4
